 Dungeon Crawl Stone Soup version 0.26-a0-1181-gd376ed14c5 (webtiles) character file.

Game seed: 4221669181110389636

321559 dolemite99 the Pandemonic (level 20, -13/190 HPs)
             Began as a Deep Dwarf Fighter on Dec 27, 2020.
             Was a High Priest of Makhleb.
             Killed from afar by an ancient lich (64 damage)
             ... with a crystal spear
             ... on level 5 of the Vaults.
             The game lasted 01:35:13 (37370 turns).

dolemite99 the Pandemonic (Deep Dwarf Fighter)     Turns: 37370, Time: 01:35:13

Health: -13/190    AC: 40    Str: 26    XL:     20   Next: 65%
Magic:  18/18      EV: 10    Int: 15    God:    Makhleb [*****.]
Gold:   1395       SH: 14    Dex:  7    Spells: 19/19 levels left

rFire    . . .     SeeInvis .   a - +9 broad axe "Ciafip" {flame, rElec rPois Will++ Dex-5}
rCold    + . .     Faith    +   c - +0 kite shield
rNeg     + . .     Spirit   .   C - +8 orange crystal plate armour {Archmagi, Int+3 Clar}
rPois    +         Reflect  .   h - +2 helmet
rElec    +         Harm     .   A - +1 cloak of Starlight {*Dazzle EV+4 Stlth--}
rCorr    +         Rampage  .   (no gloves)
Will     +++++     Clarity  +   v - +0 pair of boots
Stlth    ..........             G - amulet of faith
HPRegen  0.00/turn              q - ring of Ystrocw {+Inv rC+ rCorr}
MPRegen  0.16/turn              W - +4 ring of protection {=R}

@: corroded, non-regenerating
A: damage resistance, heal wounds, negative energy resistance 1, sense
surroundings 3, no regeneration
}: 2/15 runes: barnacled, gossamer
a: Heal Wounds, Renounce Religion, Evoke Invisibility, Minor Destruction, Lesser
Servant of Makhleb, Major Destruction, Greater Servant of Makhleb


You were on level 5 of the Vaults.
You worshipped Makhleb.
Makhleb was extremely pleased with you.
You visited 6 branches of the dungeon, and saw 36 of its levels.

You collected 6688 gold pieces.
You spent 5293 gold pieces at shops.

Inventory:

Hand Weapons
 a - the +9 broad axe "Ciafip" (weapon) {flame, rElec rPois Will++ Dex-5}
   (You found it on level 9 of the Dungeon)

   It has been specially enchanted to burn those struck by it, causing extra
   injury to most foes and up to half again as much damage against particularly
   susceptible opponents.
   Big, fiery blades are also staple armaments of hydra-hunters.
   It affects your dexterity (-5).
   It insulates you from electricity.
   It protects you from poison.
   It affects your willpower, your defense against some magical effects.
 b - a +9 fustibalus of freezing
Missiles
 f - 891 stones
 o - 14 throwing nets
 E - 31 sling bullets
 O - 45 javelins
Armour
 c - a +0 kite shield (worn)
 h - a +2 helmet (worn)
 v - a +0 pair of boots (worn)
 A - the +1 cloak of Starlight (worn) {*Dazzle EV+4 Stlth--}
   (You found it on level 12 of the Dungeon)

   It affects your evasion (+4).
   It makes you much less stealthy.
 C - the +8 orange crystal plate armour (worn) {Archmagi, Int+3 Clar}
   (You found it on level 9 of the Dungeon)

   It affects your intelligence (+3).
   It protects you against confusion.
Jewellery
 q - the ring of Ystrocw (left hand) {+Inv rC+ rCorr}
   (You took it off a yaktaur on level 4 of the Vaults)

   [ring of resist corrosion]

   It protects you from cold.
   It lets you turn invisible.
   It provides partial protection from all sources of acid and corrosion.
 D - an uncursed ring of protection from cold
 F - an uncursed amulet of reflection
 G - an amulet of faith (around neck)
 M - an uncursed ring of wizardry
 P - an uncursed ring of see invisible
 Q - an uncursed ring of protection from fire
 W - a +4 ring of protection (right hand) {=R}
Wands
 m - a wand of iceblast (10)
 u - a wand of polymorph (39)
 y - a wand of digging (25)
 L - a wand of paralysis (12)
 N - a wand of disintegration (11)
 S - a wand of enslavement (10)
 U - a wand of acid (35)
Scrolls
 i - 3 scrolls of blinking
 l - 17 scrolls of remove curse {@r2}
 p - 2 scrolls of holy word
 r - a scroll of fog
 w - a scroll of fear
 z - 2 scrolls of brand weapon
 B - 8 scrolls of magic mapping
 H - 14 scrolls of teleportation
 K - 8 scrolls of identify {@r1}
Potions
 e - 2 potions of berserk rage
 j - 17 potions of curing
 k - 3 potions of brilliance
 n - 6 potions of attraction
 t - a potion of haste
 x - 2 potions of invisibility
 I - a potion of cancellation
 T - 3 potions of flight
 V - 4 potions of magic
 X - 4 potions of might
 Y - 9 potions of heal wounds
 Z - 3 potions of ambrosia
Miscellaneous
 d - a tin of tremorstones (2/2)
 g - a lightning rod (4/4)
 s - a condenser vane
 J - a phantom mirror
 R - a phial of floods


   Skills:
 + Level 14.0 Fighting
 * Level 18.0 Axes
 - Level 14.5 Slings
 + Level 16.3 Armour
 - Level 14.8 Shields
 + Level 18.1 Invocations
 - Level 16.3 Evocations


You had 19 spell levels left.
You didn't know any spells.
Your spell library contained the following spells:

 Spells                   Type           Power        Failure   Level
 Animate Skeleton         Necr           0%           99%         1
 Beastly Appendage        Tmut           0%           99%         1
 Corona                   Hex            0%           99%         1
 Foxfire                  Conj/Fire      0%           99%         1
 Magic Dart               Conj           0%           99%         1
 Pain                     Necr           0%           99%         1
 Sandblast                Erth           0%           99%         1
 Summon Small Mammal      Summ           0%           99%         1
 Call Imp                 Summ           0%           100%        2
 Ensorcelled Hibernation  Hex/Ice        0%           100%        2
 Passwall                 Tmut/Erth      0%           100%        2
 Poisonous Vapours        Pois/Air       0%           100%        2
 Searing Ray              Conj           0%           100%        2
 Slow                     Hex            0%           100%        2
 Swiftness                Air            0%           100%        2
 Wereblood                Tmut           0%           100%        2
 Call Canine Familiar     Summ           0%           100%        3
 Confusing Touch          Hex            0%           100%        3
 Conjure Flame            Conj/Fire      0%           100%        3
 Dazzling Flash           Conj/Hex       0%           100%        3
 Gell's Gravitas          Tloc           0%           100%        3
 Inner Flame              Hex/Fire       0%           100%        3
 Mephitic Cloud           Conj/Pois/Air  0%           100%        3
 Portal Projectile        Hex/Tloc       0%           100%        3
 Spider Form              Tmut/Pois      0%           100%        3
 Stone Arrow              Conj/Erth      0%           100%        3
 Summon Guardian Golem    Hex/Summ       0%           100%        3
 Tukima's Dance           Hex            0%           100%        3
 Vampiric Draining        Necr           0%           100%        3
 Animate Dead             Necr           0%           100%        4
 Cause Fear               Hex            0%           100%        4
 Fulminant Prism          Conj/Hex       0%           100%        4
 Ice Form                 Ice/Tmut       0%           100%        4
 Iskenderun's Mystic Bla  Conj/Tloc      0%           100%        4
 Leda's Liquefaction      Hex/Erth       0%           100%        4
 Passage of Golubria      Tloc           N/A          100%        4
 Petrify                  Tmut/Erth      0%           100%        4
 Sticky Flame             Conj/Fire      0%           100%        4
 Summon Ice Beast         Ice/Summ       0%           100%        4
 Summon Lightning Spire   Summ/Air       0%           100%        4
 Agony                    Necr           0%           100%        5
 Alistair's Intoxication  Tmut/Pois      0%           100%        5
 Blade Hands              Tmut           0%           100%        5
 Bolt of Magma            Conj/Fire/Erth 0%           100%        5
 Fireball                 Conj/Fire      0%           100%        5
 Iskenderun's Battlesphe  Conj           0%           100%        5
 Lee's Rapid Deconstruct  Erth           0%           100%        5
 Metabolic Englaciation   Hex/Ice        0%           100%        5
 Yara's Violent Unravell  Hex/Tmut       0%           100%        5
 Freezing Cloud           Conj/Ice/Air   0%           100%        6
 Invisibility             Hex            0%           100%        6
 Iron Shot                Conj/Erth      0%           100%        6
 Ozocubu's Refrigeration  Ice            0%           100%        6
 Simulacrum               Ice/Necr       0%           100%        6
 Statue Form              Tmut/Erth      0%           100%        6
 Orb of Destruction       Conj           0%           100%        7
 Spellforged Servitor     Conj/Summ      0%           100%        7


Dungeon Overview and Level Annotations

Branches:
Dungeon (15/15)              Lair (6/6) D:10         Shoals (4/4) Lair:4
 Spider (4/4) Lair:3        Slime (0/5) Lair:6          Orc (2/2) D:12
    Elf (0/3) Orc:2        Vaults (5/5) D:13          Crypt (0/3) Vaults:2
 Depths (0/5) D:15
 Temple: D:4-7

Altars:
Elyvilon
Hepliaklqana
Kikubaaqudgha
Makhleb
Trog
Yredelemnul

Shops:
D:7 [   D:10 (*([   D:13 (:=[   D:15 *   Orc:2 !*(}   Vaults:3 !

Portals:
Pandemonium: Orc:2
Trove: D:10 (give +2 fire dragon scales)

Annotations:
D:9 exclusion: obsidian statue
D:10 cheap trove
D:11 2 transporters, greenreed's ghost, journeyman HOBe
Lair:3 exclusion: oklob plant
Lair:5 2 transporters, Jeban's ghost, journeyman OpFi
Vaults:1 2 runed translucent doors, heteroy's ghost, veteran GrEE


Innate Abilities, Weirdness & Mutations

You are resistant to damage.
You can heal yourself by infusing magical energy.
You resist negative energy. (rN+)
You passively map a large area around you.
You do not regenerate.


Message History

The tengu reaver gestures wildly while chanting.
The tengu reaver conjures a globe of magical energy!
You block the ancient lich's attack.
The deep elf high priest invokes the aid of its god against you.
The sphere of damnation explodes!
The damnation engulfs you!!
* * * LOW HITPOINT WARNING * * *
The damnation engulfs the ironheart preserver!
The damnation engulfs the golden dragon!
The damnation engulfs the ancient lich!!
The golden dragon bites you but does no damage.
The golden dragon closely misses you.
The golden dragon tramples you but does no damage.
You hear a shout! x2
A battlesphere comes into view.
You feel much better. You block the ancient lich's attack.
The golden dragon bites you but does no damage.
You block the golden dragon's attack. x2
The ancient lich gestures at you while chanting.
The crystal spear hits you!!!
You die...

#..#...)#,,,,,,,,,,,,,,,
#..#.)))#,,,,,,,,,,,,,,,
#..#..).#,,**,,,,,,**,,,
*,,#....#,,**,,,,,,**,,,
*,,#.)))#,,,,,,**,,,,,,*
*,,#..).#,,,,,,**,,,,,,*
*,,#..).#,,,,,,,,,,**,,,
*,,#..p.#,,,,,,,,,,**,,,
*,,#.)D@#,,**,,,,,,,,,,*
*,,#.)pL#,,**,,,,,,,,,,*
*,,#..eQ#,,,,,,**,,,,,,,
*,,#..*(#,,,,,,**,,,,,,,
*,,#......,**,,,,,,**,,,
*,,#.......**,,,,,,**,,,
*,,#....#...,,,**,,,,,,*
*,,.....#...,,,**,,,,,,*
*,,,,*******************


You could see an ironheart preserver (empowered), a golden dragon (sheltered,
catching breath), an ancient lich (fast, empowered, sheltered), a tengu reaver
(empowered, sheltered), a vault guard (sheltered), a deep elf high priest
(brilliance aura, sheltered) and a battlesphere.

Vanquished Creatures
  An ancient lich (Vaults:5)
  Rupert (D:13)
  Jorgrun (Spider:3)
  A tentacled monstrosity (Vaults:2)
  A titan (Vaults:5)
  A lich (Vaults:1)
  Polyphemus (Shoals:2)
  5 sphinxes
  2 krakens (Shoals:4)
  Agnes (D:14)
  Roxanne (Shoals:1)
  2 storm dragons (Vaults:5)
  Ilsuiw (Shoals:3)
  2 fire giants
  2 frost giants
  2 ghost moths (Spider:4)
  11 vault wardens
  4 emperor scorpions
  7 ironheart preservers
  5 very ugly things (Vaults:2)
  4 stone giants
  4 entropy weavers
  An ettin (shapeshifter) (Vaults:2)
  6 merfolk impalers
  Snorg (D:11)
  6 merfolk javelineers
  5 ettins
  2 great orbs of eyes
  4 ice dragons
  8 hydras
  A rakshasa (D:13)
  6 vault guards
  11 yaktaur captains
  5 boulder beetles
  2 catoblepae
  Harold (D:7)
  A merfolk avatar (Shoals:4)
  An alligator snapping turtle (Shoals:2)
  A merfolk aquamancer (Shoals:4)
  A satyr (Shoals:3)
  3 centaur warriors
  7 ogre magi
  31 two-headed ogres
  3 death knights
  3 death yaks
  4 death scarabs (Spider:4)
  A vampire mage (D:15)
  An orc high priest (Orc:2)
  A spectral emperor scorpion (Spider:4)
  A soul eater (Orc:2)
  3 deep elf knights
  2 skeletal warriors (D:15)
  A titan skeleton (D:15)
  An unseen horror (shapeshifter) (Vaults:4)
  2 glowing orange brains
  A deep troll (Vaults:4)
  8 sea snakes
  3 unseen horrors
  3 deep elf archers
  A spectral wolf spider (Spider:4)
  Pikel (D:4)
  A lindwurm (Lair:6)
  11 ironbrand convokers
  5 deep elf magi (Vaults:4)
  A wolf spider zombie (Spider:4)
  2 necromancers
  9 ugly things
  30 harpies
  11 orc knights
  11 orb spiders
  A fire giant zombie (D:15)
  A manticore (shapeshifter) (Vaults:2)
  4 fauns (Shoals:3)
  4 cyclopes
  28 wolf spiders
  13 manticores
  6 orc sorcerers
  5 merfolk sirens
  2 moths of wrath
  13 vault sentinels
  8 black mambas
  7 elephants (Lair:6)
  3 torpor snails
  4 water nymphs
  A cane toad (shapeshifter) (Vaults:2)
  10 cane toads
  Psyche (D:11)
  2 gargoyles
  An orange demon (Orc:2)
  2 rime drakes
  A rime drake (shapeshifter) (Vaults:1)
  7 komodo dragons
  10 demonic crawlers
  45 yaktaurs
  9 freezing wraiths
  A redback zombie (Spider:4)
  An efreet (D:13)
  4 spectral redbacks (Spider:4)
  2 harpy zombies (Shoals:3)
  24 merfolk
  10 hornets
  2 tyrant leeches (Spider:2)
  7 trolls
  A meliai (Spider:4)
  28 jumping spiders
  Grinder (D:4)
  Prince Ribbit (D:9)
  2 spectral tarantellas (Spider:4)
  14 slime creatures
  6 wind drakes
  A jumping spider zombie (Spider:4)
  17 blink frogs
  6 snapping turtles
  2 shadows
  3 dream sheep
  74 redbacks
  2 ynoxinuls (Orc:2)
  A wraith (Vaults:3)
  32 tarantellas
  A fire bat (shapeshifter) (Vaults:2)
  5 wyverns
  8 water elementals
  29 yaks
  A yak (shapeshifter) (D:15)
  5 basilisks
  Eustachio (D:4)
  A yaktaur simulacrum (Vaults:1)
  Edmund (D:6)
  9 wargs
  An acid dragon (Vaults:2)
  3 water moccasins
  A spectral hornet (Spider:4)
  3 sky beasts
  Purgy (D:3)
  35 orc warriors
  A necrophage (D:14)
  A hornet zombie (Spider:4)
  An ettin simulacrum (Vaults:4)
  9 phantoms
  6 ice beasts
  3 boggarts (Vaults:2)
  A boulder beetle simulacrum (Vaults:2)
  A tengu (D:11)
  32 ogres
  11 centaurs
  7 wolves
  3 lemures (D:4)
  16 bullfrogs
  A human zombie (Vaults:4)
  A wyvern zombie (D:9)
  4 scorpions
  10 killer bees
  27 wights
  5 electric eels
  9 howler monkeys
  3 bullfrog zombies
  6 centaur zombies
  A human simulacrum (Vaults:4)
  9 hounds
  6 jellies
  3 bullfrog skeletons
  19 orc priests
  6 centaur skeletons
  Ijyb (D:4)
  4 iguanas
  28 orc wizards
  12 worker ants
  A hound zombie (D:5)
  Robin (D:3)
  8 gnolls
  11 adders
  A shadow imp (D:10)
  4 white imps
  2 ufetubi
  An ooze (D:2)
  2 worms (D:2)
  3 adder skeletons
  9 dart slugs
  3 leopard geckos
  101 orcs
  A ball python (D:5)
  A bat zombie (Shoals:3)
  5 giant cockroaches
  11 goblins (D:3)
  7 hobgoblins
  3 jackals (D:4)
  A kobold (D:3)
  7 quokkas
  5 bats
  7 frilled lizards
  2 leopard gecko skeletons
  2 quokka skeletons
  5 rats
  A crawling corpse (Vaults:5)
  4 tentacles (Shoals:4)
1276 creatures vanquished.

Vanquished Creatures (collateral kills)
  A lich (Vaults:3)
  A storm dragon (Vaults:4)
  A tengu reaver (Vaults:5)
  2 emperor scorpions
  An ironheart preserver (Vaults:2)
  An entropy weaver (Vaults:3)
  A small abomination (Vaults:5)
  A bunyip (shapeshifter) (Vaults:5)
  A deep elf death mage (Vaults:5)
  An ettin (Vaults:4)
  A merfolk impaler (Shoals:3)
  A hydra (D:15)
  2 yaktaur captains (Vaults:4)
  4 vault guards
  3 boulder beetles
  A centaur warrior (D:13)
  A catoblepas (Lair:6)
  An alligator snapping turtle (Shoals:4)
  6 two-headed ogres
  4 ogre magi
  3 death yaks (Lair:5)
  4 death scarabs (Spider:4)
  4 orc high priests (Orc:2)
  A soul eater (Orc:2)
  A spectral emperor scorpion (Spider:4)
  A sea snake (Shoals:1)
  A gelid demonspawn (Orc:2)
  6 orc knights
  A wizard (Vaults:1)
  A necromancer (Vaults:4)
  A spectral wolf spider (Spider:4)
  11 harpies
  An ironbrand convoker (Vaults:4)
  2 ugly things
  8 orb spiders
  A manticore (Lair:6)
  A wolf spider zombie (Spider:4)
  5 orc sorcerers (Orc:2)
  8 wolf spiders
  3 fauns (Shoals:1)
  A cyclops (Orc:1)
  3 merfolk sirens
  6 elephants (Lair:6)
  A water nymph (Shoals:4)
  A vault sentinel (Vaults:5)
  A smoke demon (Orc:2)
  3 cane toads
  A rime drake (Lair:6)
  4 yaktaurs
  2 demonic crawlers
  A harpy zombie (Shoals:3)
  2 meliai (Spider:4)
  16 jumping spiders
  4 merfolk
  3 spectral tarantellas (Spider:4)
  A wind drake (Shoals:1)
  2 tyrant leeches (Spider:2)
  3 hornets
  A tarantella zombie (Spider:4)
  A fire dragon zombie (D:15)
  An ettin zombie (D:15)
  8 slime creatures
  3 snapping turtles (Shoals:1)
  11 redbacks
  8 tarantellas
  2 yaks
  A water elemental (Shoals:2)
  A warg (Orc:2)
  An acid dragon (Vaults:1)
  A water moccasin (Lair:5)
  17 orc warriors
  3 ogres
  2 killer bees (D:11)
  2 electric eels (Lair:5)
  11 orc priests
  A jelly (Lair:6)
  4 orc wizards (Orc:2)
  2 oozes (Lair:6)
  12 orcs
  A butterfly (Lair:3)
  3 tentacles (Shoals:4)
251 creatures vanquished.

Vanquished Creatures (others)
  A tengu reaver (Vaults:2)
  A boulder beetle (Lair:6)
  A merfolk aquamancer (Shoals:2)
  A wizard (D:15)
  A manticore (Shoals:4)
  A komodo dragon (D:14)
  A yaktaur (Vaults:4)
  21 fungi
  148 plants
  73 tentacles (Shoals:4)
  3 withered plants (D:15)
252 creatures vanquished.

Grand Total: 1779 creatures vanquished

Notes
Turn   | Place    | Note
-------+----------+-------------------------------------------
     0 | D:1      | dolemite99 the Deep Dwarf Fighter began the quest for the
                  | Orb.
     0 | D:1      | Reached XP level 1. HP: 20/20 MP: 1/1
    26 | D:3      | Reached XP level 2. HP: 27/27 MP: 2/2
    33 | D:3      | Found a burning altar of Makhleb.
    40 | D:3      | Became a worshipper of Makhleb the Destroyer
    50 | D:3      | Reached XP level 3. HP: 20/34 MP: 3/3
   259 | D:3      | Noticed Robin
   269 | D:3      | Killed Robin
   330 | D:3      | Noticed Purgy
   356 | D:3      | Killed Purgy
   357 | D:3      | Reached XP level 4. HP: 28/42 MP: 3/3
   357 | D:3      | Reached XP level 5. HP: 33/49 MP: 4/4
   753 | D:4      | Noticed an ogre
   764 | D:4      | Killed an ogre
   765 | D:4      | Reached XP level 6. HP: 37/57 MP: 4/4
   787 | D:5      | Entered Level 5 of the Dungeon
   800 | D:5      | Reached skill level 5 in Axes
   808 | D:5      | Reached * piety under Makhleb
   861 | D:5      | Noticed an ice beast
   874 | D:5      | Killed an ice beast
   939 | D:5      | Reached XP level 7. HP: 18/64 MP: 5/5
   944 | D:5      | Reached skill level 5 in Armour
   944 | D:5      | Reached skill level 5 in Shields
  1273 | D:6      | Noticed Edmund
  1313 | D:6      | Killed Edmund
  1314 | D:6      | Reached skill level 1 in Invocations
  1815 | D:7      | Reached XP level 8. HP: 43/73 MP: 7/7
  1945 | D:7      | Found Ganeinul's Antique Armour Shoppe.
  2188 | D:7      | Noticed Harold
  2209 | D:7      | Killed Harold
  2210 | D:7      | Reached skill level 5 in Fighting
  2615 | D:7      | Gained mutation: You passively map the area around you.
                  | [Deep Dwarf growth]
  2615 | D:7      | Reached XP level 9. HP: 47/81 MP: 10/10
  2824 | D:8      | Reached ** piety under Makhleb
  3076 | D:8      | Reached skill level 5 in Invocations
  3117 | D:8      | Reached skill level 1 in Evocations
  3180 | D:8      | Found a hazy altar of Hepliaklqana.
  3464 | D:9      | Reached skill level 1 in Slings
  3471 | D:9      | Paralysed by a hornet for 1 turns
  3476 | D:9      | Paralysed by a hornet for 3 turns
  3636 | D:9      | Noticed a gargoyle
  3673 | D:9      | Killed a gargoyle
  3674 | D:9      | Reached skill level 5 in Slings
  3869 | D:9      | Noticed an obsidian statue
  3870 | D:9      | Found the +8 orange crystal plate armour {Archmagi, Int+3
                  | Clar}
  3877 | D:9      | Noticed a red devil
  3878 | D:9      | Noticed a sun demon
  3976 | D:9      | Reached skill level 5 in Evocations
  4019 | D:9      | Noticed a two-headed ogre
  4030 | D:9      | Killed a two-headed ogre
  4031 | D:9      | Reached XP level 10. HP: 71/91 MP: 7/9
  4229 | D:9      | Noticed Prince Ribbit
  4296 | D:9      | Killed Prince Ribbit
  4495 | D:10     | Entered Level 10 of the Dungeon
  4552 | D:10     | Found Ickonw Kyon's Armour Shop.
  4608 | D:10     | Reached *** piety under Makhleb
  4628 | D:10     | Found Rutwaf's Weapon Shop.
  4881 | D:10     | Noticed a vault guard
  4920 | D:10     | Killed a vault guard
  4924 | D:10     | Found a portal to a secret trove of treasure.
  5023 | D:10     | Reached skill level 10 in Axes
  5048 | D:10     | Found Geiz's General Store.
  5202 | D:10     | Found Toq Hoe's Weapon Emporium.
  5211 | D:10     | Bought 15 sling bullets for 112 gold pieces
  5238 | D:10     | Bought a scroll of blinking for 97 gold pieces
  5238 | D:10     | Bought a potion of curing for 39 gold pieces
  5272 | D:10     | Found a staircase to the Lair.
  5685 | Lair:1   | Entered Level 1 of the Lair of Beasts
  5752 | Lair:1   | Reached XP level 11. HP: 85/99 MP: 11/11
  5789 | Lair:1   | Noticed a seven-headed hydra
  5796 | Lair:1   | Killed a seven-headed hydra
  6371 | Lair:1   | Reached **** piety under Makhleb
  6791 | Lair:3   | Noticed an eight-headed hydra
  6808 | Lair:3   | Killed a one-headed hydra
  6809 | Lair:3   | Noticed a four-headed hydra
  6820 | Lair:3   | Killed a one-headed hydra
  7104 | Lair:3   | Reached XP level 12. HP: 108/109 MP: 13/13
  7212 | Lair:3   | Found a hole to the Spider Nest.
  7379 | Lair:3   | Noticed an eight-headed hydra
  7407 | Lair:3   | Killed a three-headed hydra
  9509 | Lair:4   | Reached ***** piety under Makhleb
  9517 | Lair:4   | Found a staircase to the Shoals.
 10142 | Lair:5   | Noticed a boulder beetle
 10181 | Lair:5   | Killed a boulder beetle
 10209 | Lair:5   | Found a transporter.
 10212 | Lair:5   | Identified the +7 spear of Circular Logic {antimagic,
                  | Dex+3}
 10220 | Lair:5   | Noticed Jeban's ghost (journeyman OpFi)
 10287 | Lair:5   | Reached skill level 10 in Invocations
 10289 | Lair:5   | Reached skill level 10 in Shields
 10289 | Lair:5   | Reached skill level 10 in Evocations
 10289 | Lair:5   | Reached XP level 13. HP: 117/117 MP: 15/15
 10304 | Lair:5   | Identified the +9 trident of the Forsaken Prophets {flame,
                  | rN++ Int+3}
 10318 | Lair:5   | Found a transporter.
 10321 | Lair:5   | Found a bloodstained altar of Trog.
 10444 | Lair:5   | Reached skill level 10 in Armour
 10960 | Lair:6   | Entered Level 6 of the Lair of Beasts
 11194 | Lair:6   | Found a staircase to the Slime Pits.
 11684 | Lair:6   | Identified a scroll of acquirement
 11684 | Lair:6   | Acquired 1332 gold pieces
 11978 | Shoals:1 | Entered Level 1 of the Shoals
 11978 | Shoals:1 | Noticed a merfolk impaler
 12034 | Shoals:1 | Killed a merfolk impaler
 12158 | Shoals:1 | Gained mutation: You resist negative energy. (rN+) [Deep
                  | Dwarf growth]
 12158 | Shoals:1 | Reached XP level 14. HP: 95/129 MP: 17/17
 12487 | Shoals:1 | Identified Roxanne's Tome of Changing
 12487 | Shoals:1 | Noticed Roxanne
 13195 | D:9      | Got a faintly glowing broad axe
 13202 | D:9      | Identified the +9 broad axe "Ciafip" {flame, rElec rPois
                  | Will++ Dex-5} (You found it on level 9 of the Dungeon)
 14080 | Shoals:3 | Noticed Ilsuiw
 14245 | Shoals:3 | Noticed Polyphemus
 14259 | Shoals:2 | Killed Polyphemus
 14458 | Shoals:3 | Reached skill level 15 in Axes
 14522 | Shoals:3 | Killed Ilsuiw
 15285 | Shoals:3 | Reached skill level 10 in Fighting
 15291 | Shoals:3 | Reached XP level 15. HP: 116/138 MP: 17/17
 16162 | Shoals:4 | Entered Level 4 of the Shoals
 16303 | Shoals:4 | Acquired an uncursed amulet of reflection
 16494 | Shoals:4 | Noticed a kraken
 16521 | Shoals:4 | Noticed a kraken
 16844 | Shoals:4 | Killed a kraken
 16858 | Shoals:4 | Got a barnacled rune of Zot
 17058 | Shoals:4 | Killed a kraken
 17201 | Shoals:1 | Killed Roxanne
 18419 | D:4      | Noticed Grinder
 18425 | D:4      | Killed Grinder
 18516 | D:4      | Noticed Pikel
 18528 | D:4      | Killed Pikel
 18682 | D:4      | Noticed Eustachio
 18717 | D:4      | Killed Eustachio
 18796 | D:4      | Noticed Ijyb
 18803 | D:4      | Killed Ijyb
 19072 | D:3      | Found a faded altar of an unknown god.
 19701 | D:2      | Found a white marble altar of Elyvilon.
 20145 | D:11     | Noticed Psyche
 20188 | D:11     | Killed Psyche
 20286 | D:11     | Noticed greenreed's ghost (journeyman HOBe)
 20293 | D:11     | Found a transporter.
 20399 | D:11     | Found a transporter.
 20528 | D:11     | Noticed Snorg
 20546 | D:11     | Killed Snorg
 20899 | D:11     | Noticed Sonja
 20900 | D:11     | Noticed Sonja
 20900 | D:11     | Sonja changed into Sonja the tengu
 20908 | D:11     | Killed Sonja the tengu
 21291 | D:12     | Found the +1 cloak of Starlight {*Dazzle EV+4 Stlth--}
 21338 | D:12     | Reached XP level 16. HP: 119/148 MP: 14/14
 21665 | D:12     | Found a staircase to the Orcish Mines.
 22078 | Orc:1    | Entered Level 1 of the Orcish Mines
 22689 | Orc:2    | Entered Level 2 of the Orcish Mines
 22690 | Orc:2    | Found a staircase to the Elven Halls.
 23028 | Orc:2    | Reached ****** piety under Makhleb
 23331 | Orc:2    | Found Qoasugh's Distillery.
 23332 | Orc:2    | Found Gag Motz's General Store.
 23442 | Orc:2    | Bought a potion of might for 44 gold pieces
 23442 | Orc:2    | Bought a potion of might for 44 gold pieces
 23442 | Orc:2    | Bought a potion of heal wounds for 55 gold pieces
 23442 | Orc:2    | Bought a potion of heal wounds for 55 gold pieces
 23442 | Orc:2    | Bought a potion of heal wounds for 55 gold pieces
 23442 | Orc:2    | Bought a potion of invisibility for 88 gold pieces
 23442 | Orc:2    | Bought a potion of ambrosia for 88 gold pieces
 23442 | Orc:2    | Bought a potion of curing for 33 gold pieces
 23444 | Orc:2    | Bought a scroll of fear for 42 gold pieces
 23444 | Orc:2    | Bought 15 sling bullets for 90 gold pieces
 23444 | Orc:2    | Bought 27 sling bullets for 162 gold pieces
 23632 | Orc:2    | Found Elanomun's Antique Weapon Shoppe.
 23632 | Orc:2    | Found a one-way gate leading to the halls of Pandemonium.
 23632 | Orc:2    | Found Cyistung's Gadget Emporium.
 23636 | Orc:2    | Bought a condenser vane for 520 gold pieces
 23636 | Orc:2    | Bought a wand of acid (7) for 286 gold pieces
 23638 | Orc:2    | Bought a phantom mirror for 520 gold pieces
 23638 | Orc:2    | Bought a phantom mirror for 520 gold pieces
 23641 | Orc:2    | Bought a phial of floods for 520 gold pieces
 23643 | Orc:2    | Bought a lightning rod (4/4) for 390 gold pieces
 24165 | Spider:1 | Entered Level 1 of the Spider Nest
 24207 | Spider:1 | Reached skill level 10 in Slings
 24214 | Spider:1 | Noticed an Executioner
 25430 | Spider:2 | Reached XP level 17. HP: 155/157 MP: 13/13
 25937 | Spider:3 | Noticed Jorgrun
 25952 | Spider:3 | Killed Jorgrun
 26743 | Spider:4 | Entered Level 4 of the Spider Nest
 26923 | Spider:4 | Reached skill level 15 in Invocations
 27243 | Spider:4 | Reached skill level 15 in Evocations
 27671 | Spider:4 | Got a gossamer rune of Zot
 28281 | D:13     | Found a gate to the Vaults.
 28356 | D:13     | Noticed Rupert
 28366 | D:13     | Killed Rupert
 28387 | D:13     | Gained mutation: You passively map a large area around you.
                  | [Deep Dwarf growth]
 28387 | D:13     | Reached XP level 18. HP: 145/168 MP: 15/15
 28420 | D:13     | Found Woolex's Weapon Emporium.
 28512 | D:13     | Found Unarch's Book Shop.
 28607 | D:13     | Found Vaceufeq's Jewellery Emporium.
 28610 | D:13     | Bought an uncursed amulet of faith for 720 gold pieces
 28716 | D:13     | Found Biyfe's Armour Emporium.
 29233 | D:14     | Noticed Agnes
 29252 | D:14     | Killed Agnes
 29546 | D:15     | Entered Level 15 of the Dungeon
 29571 | D:15     | Found Cacwin's Assorted Antiques.
 29579 | D:15     | Bought a wand of digging (3) for 288 gold pieces
 29605 | D:15     | Found a staircase to the Depths.
 29830 | D:15     | Found a bloodstained altar of Trog.
 30356 | Vaults:1 | Entered Level 1 of the Vaults
 30420 | Vaults:1 | Noticed a lich
 30438 | Vaults:1 | Noticed an Ice Fiend
 30441 | Vaults:1 | Killed a lich
 30554 | Vaults:1 | Acquired 869 gold pieces
 30746 | Vaults:1 | Found a large runed translucent door.
 30747 | Vaults:1 | Found a large runed translucent door.
 30747 | Vaults:1 | Noticed heteroy's ghost (veteran GrEE)
 31928 | Vaults:2 | Identified the +2 cloak of Arhomm {rPois Stlth+} (You found
                  | it on level 2 of the Vaults)
 32000 | Vaults:2 | Found a staircase to the Crypt.
 32000 | Vaults:2 | Found an ancient bone altar of Kikubaaqudgha.
 32001 | Vaults:2 | Found a basalt altar of Yredelemnul.
 32460 | Vaults:2 | Noticed a tentacled monstrosity
 32483 | Vaults:2 | Killed a tentacled monstrosity
 32839 | Vaults:2 | Reached XP level 19. HP: 177/177 MP: 17/17
 33367 | Vaults:2 | Reached skill level 15 in Armour
 33654 | Vaults:3 | Found Xairchom's Distillery.
 33662 | Vaults:3 | Bought a potion of invisibility for 120 gold pieces
 33662 | Vaults:3 | Bought a potion of invisibility for 120 gold pieces
 33662 | Vaults:3 | Bought a potion of berserk rage for 75 gold pieces
 33662 | Vaults:3 | Bought a potion of cancellation for 120 gold pieces
 33662 | Vaults:3 | Bought a potion of curing for 45 gold pieces
 33662 | Vaults:3 | Bought a potion of curing for 45 gold pieces
 34932 | Vaults:3 | Noticed a lich
 34943 | Vaults:3 | Killed a lich
 36232 | Vaults:4 | Reached XP level 20. HP: 188/188 MP: 18/18
 36984 | Vaults:4 | Identified the ring of Ystrocw {+Inv rC+ rCorr}
 37155 | Vaults:5 | Entered Level 5 of the Vaults
 37155 | Vaults:5 | Noticed a golden dragon
 37181 | Vaults:5 | Noticed an ancient lich
 37193 | Vaults:5 | Killed an ancient lich
 37312 | Vaults:5 | Identified the +10 war axe of Sin {vamp, Int+2}
 37312 | Vaults:5 | Identified the +4 robe of the Heavens {Int+7}
 37342 | Vaults:5 | Noticed a golden dragon
 37353 | Vaults:5 | Noticed an ancient lich
 37370 | Vaults:5 | Killed from afar by an ancient lich

Illustrated notes

Levels and vault maps discovered:
D:1:      dpeg_arrival_simpleton_b, layout_basic
D:2:      layout_rooms, elyvilon_altar_5
D:3:      layout_loops_cross, chequers_ecumenical_altar_grove,
          makhleb_heckhound_becter, uniq_robin, uniq_purgy
D:4:      layout_cave_pods, minmay_distorted, uniq_grinder, uniq_pikel,
          uniq_ijyb, uniq_eustachio
D:5:      minmay_recursive_quarters, layout_cave_pods, temple_green
D:6:      kennysheep_slugbush, layout_gridville, serial_glass, glass_columns_b,
          glass_columns_a, glass_columns_b, glass_columns_a, glass_columns_c,
          glass_columns_a, glass_columns_c, glass_columns_c, glass_columns_c,
          glass_columns_a, uniq_edmund
D:7:      layout_loops_corners, serial_shops, shop, uniq_harold
D:8:      layout_cave_pools, nzn_hepliaklqana_mist_gate, kennysheep_potato
D:9:      layout_small_grid, minmay_misc_feat_plants, minmay_protected_statue,
          uniq_prince_ribbit1
D:10:     layout_basic, david_lair_shrubbed, enter_trove_5, serial_shops,
          shop_statue, nicolae_shop_waterfront, shop, shop
D:11:     layout_loops_ring, nzn_ghost_randoct, minmay_hedge_maze, uniq_snorg,
          uniq_psyche, uniq_sonja
D:12:     layout_loops_ring, hiddenorc1_lemuel, kennysheep_minor_cross
D:13:     layout_roguey, skrybe_vaults_entry_preservation, serial_shops,
          nicolae_shop_waterfront, kennysheep_mini_moat, nicolae_shop_trees,
          nicolae_shop_behind_doors, uniq_rupert
D:14:     layout_rooms, minmay_misc_feat_five, lemuel_flamethrower_3, uniq_agnes
D:15:     gammafunk_depths_entry_grave, layout_small_grid,
          minmay_strange_pillars, serial_shops, nicolae_shop_overgrown_old_shop,
          trog_wizard
Lair:1:   layout_regular_city
Lair:2:   regret_index_harrowing_hell_hive, layout_gridlike, special_room
          [special_room_bee], portal_ice_cave_rime
Lair:3:   layout_concentric_octagons, nicolae_spider_entry_tight_spaces,
          minmay_lair_oklob_chamber, infiniplex_staircase_pool,
          lemuel_fruit_fields, grunt_megastairs_1, serial_bayou_shore_b
Lair:4:   nzn_winding_woodlands_three_and_one
          [nzn_winding_woodlands_5x15_jagged,
          nzn_winding_woodlands_5x15_sidewinder, nzn_winding_woodlands_5x15_eye,
          nzn_winding_woodlands_center_diamonds], layout_layer_cave,
          elwin_shoals_entry_rooms, infiniplex_staircase_pool_2
Lair:5:   layout_regular_city, gammafunk_ghost_wrathful_warriors,
          fungi_pond_lemuel, serial_bayou_shore_a, serial_bayou_shore_b
Lair:6:   hangedman_lair_in_review, layout_loops_ring,
          nicolae_slime_entry_slimehenge
Shoals:1: layout_shoals, uniq_roxanne
Shoals:2: layout_shoals, nicolae_shoals_water_elemental_grotto
Shoals:3: cheibrodos_shoals_oceanic_diplomacy, layout_shoals,
          nicolae_shoals_seven_spires, nicolae_shoals_undead_eyrie, uniq_ilsuiw,
          uniq_polyphemus
Shoals:4: shoals_end_hangedman, layout_shoals,
          nicolae_shoals_kraken_intersection
Spider:1: layout_spider_delve
Spider:2: layout_spider_delve, hangedman_stitches_earthworm
Spider:3: cheibrodos_forgotten_conduit, uniq_jorgrun
Spider:4: floodkiller_spider_rune_tomb
Orc:1:    layout_diamond_mine, mines4_lemuel
Orc:2:    pf_orc_diabolical, layout_diamond_mine
Vaults:1: advil_vaults_ghost_guards, nicolae_vaults_mini_display_case,
          nicolae_vaults_c_with_doors, nicolae_vaults_big_angled_halls,
          v_misc_1, ontoclasm_vaults_fault, v_alt_pattern_5,
          layout_vaults_chaotic_city
Vaults:2: minmay_crypt_entry_necro_gods, nicolae_vaults_ninety_degrees,
          nicolae_vaults_network_quinsquares
          [nicolae_vaults_network_quincunx_subvault,
          nicolae_vaults_network_quincunx_subvault,
          nicolae_vaults_network_quincunx_subvault,
          nicolae_vaults_network_quincunx_subvault],
          nicolae_vaults_circle_grid_b, vaults_room_guarded_vault,
          vaults_room_door_ring, nicolae_vaults_stairing_the_circle,
          nicolae_vaults_disjoint_gnomons, ontoclasm_vaults_ligature, v_misc_3,
          ontoclasm_vaults_ring_large, v_misc_8, layout_vaults_maze_bifur
Vaults:3: nicolae_vaults_shelves_hall, nicolae_vaults_little_squares_2,
          v_pattern_1, hangedman_vaults_stitches, grunt_vaults_swirl,
          nicolae_vaults_gold_heap, v_misc_32, hangedman_vaults_capsules,
          vaults_dpeg_cross, layout_vaults_quadrants, serial_shops, shop
Vaults:4: v_misc_27, vaults_standard_mumra_enter_the_diamond,
          ontoclasm_vaults_ring_square, v_misc_2, vaults_mumra_minichess,
          ontoclasm_vaults_spin, nicolae_vaults_windows_and_doors_thing,
          nicolae_vaults_little_ls, st_squares, nicolae_vaults_big_angled_halls,
          vaults_room_door_ring, v_alt_pattern_4, vaults_dpeg_ring,
          vaults_room_stairs_pillars, layout_vaults_omnibox
Vaults:5

Skill      XL: |  1  2  3  4  5  6  7  8  9 10 11 12 13 14 15 16 17 18 19 20 |
---------------+-------------------------------------------------------------+-----
Fighting       | 3 4 5 6 7 8 9 10 11 12 13 14 | 14.0
Axes           | 3 4 5 6 8 9 10 11 12 14 15 16 18 | 18.0
Armour         | 4 5 6 7 8 9 10 11 12 13 14 15 16 | 16.3
Shields        | 4 5 6 7 8 9 10 11 12 13 14 | 14.8
Invocations    | 2 4 5 7 8 10 11 12 13 14 15 16 17 18 | 18.1
Evocations     | 5 6 8 10 11 12 13 14 15 16 | 16.3
Slings         | 5 8 11 12 14 | 14.5

Action                   |  1- 3 |  4- 6 |  7- 9 | 10-12 | 13-15 | 16-18 | 19-21 || total
-------------------------+-------+-------+-------+-------+-------+-------+-------++-------
Melee: War axe           |    53 |    95 |   315 |   702 |   367 |       |       ||  1532
       Broad axe         |       |       |       |       |   482 |   811 |   614 ||  1907
       Staff             |       |       |       |       |       |     1 |       ||     1
 Fire: Hunting sling     |       |       |    40 |   215 |   230 |       |       ||   485
       Fustibalus        |       |       |       |       |   496 |   663 |   274 ||  1433
Throw: Boomerang         |       |       |     5 |    12 |       |       |       ||    17
       Stone             |       |       |       |    45 |    15 |     5 |       ||    65
       Dart              |       |       |       |       |       |    78 |       ||    78
Invok: Lesser Servant of |       |       |       |     4 |    51 |    60 |    30 ||   145
       Major Destruction |       |       |       |     1 |     2 |       |       ||     3
       Greater Servant o |       |       |       |       |       |    17 |     7 ||    24
 Abil: Heal Wounds       |     1 |     2 |    14 |       |    23 |     9 |     5 ||    54
Evoke: Wand              |       |       |    19 |    11 |    19 |     5 |       ||    54
       Tin of tremorston |       |       |       |       |     2 |     4 |     1 ||     7
       Condenser vane    |       |       |       |       |       |     7 |     1 ||     8
       Phantom mirror    |       |       |       |       |       |     1 |       ||     1
       Lightning rod     |       |       |       |       |       |       |     4 ||     4
       Phial of floods   |       |       |       |       |       |       |     1 ||     1
  Use: Scroll            |       |     3 |    10 |     9 |    11 |    12 |     3 ||    48
       Potion            |       |     2 |       |       |     9 |     4 |     4 ||    19
 Stab: Distracted        |       |       |       |     1 |    11 |     8 |     7 ||    27
       Invisible         |       |       |       |       |     5 |    13 |     7 ||    25
       Petrified         |       |       |       |       |     2 |       |       ||     2
       Petrifying        |       |       |       |       |     1 |       |       ||     1
Armor: Scale mail        |    42 |    45 |    10 |       |       |       |       ||    97
       Chain mail        |       |       |   133 |       |       |       |       ||   133
       Crystal plate arm |       |       |    50 |   522 |  1104 |  1101 |   409 ||  3186
       Plate armour      |       |       |    50 |       |       |       |       ||    50
Dodge: Dodged            |    26 |    30 |    94 |    81 |   215 |   489 |   198 ||  1133
Block: Kite shield       |    50 |    44 |   223 |   406 |  1028 |  1212 |   419 ||  3382
       Reflection        |       |       |       |       |    27 |    42 |       ||    69

Table legend: (Time is in decaauts)
 A = Elapsed time spent in this place.
 B = Non-inter-level travel time spent in this place.
 C = Inter-level travel time spent in this place.
 D = Time resting spent in this place.
 E = Time spent auto-exploring this place.
 F = Levels seen in this place.
 G = Mean time per level.
                   A        B        C        D        E       F      G
               +--------+--------+--------+--------+--------+-----+--------+
         Total |  37463 |  34723 |   2740 |   3381 |  20083 |  36 | 1040.6 |
       Dungeon |  13307 |  12132 |   1175 |    922 |   7631 |  15 |  887.1 |
          Lair |   6793 |   6143 |    650 |    741 |   3771 |   6 | 1132.2 |
        Shoals |   5083 |   4638 |    445 |   1046 |   1649 |   4 | 1270.8 |
   Spider Nest |   3638 |   3461 |    177 |     25 |   2183 |   4 |  909.5 |
  Orcish Mines |   1893 |   1808 |     85 |     11 |   1034 |   2 |  946.5 |
        Vaults |   6748 |   6541 |    207 |    635 |   3813 |   5 | 1349.6 |
               +--------+--------+--------+--------+--------+-----+--------+

Top non-repeatable levels by time:
  Lair:3: 2048 daAuts
Shoals:3: 1887 daAuts
Vaults:3: 1747 daAuts
  Lair:4: 1718 daAuts
Vaults:2: 1679 daAuts
Vaults:4: 1660 daAuts
Vaults:1: 1493 daAuts
    D:10: 1388 daAuts
     D:9: 1327 daAuts
   Orc:2: 1272 daAuts
Shoals:2: 1255 daAuts
     D:7: 1252 daAuts
  Lair:1: 1200 daAuts
Spider:2: 1193 daAuts
     D:4: 1103 daAuts
